 Dungeon Crawl Stone Soup version 0.27-a0-887-gcab673c142 (webtiles) character file.

Game seed: 2598760827371180682

100 jestyr24 the Shield-Bearer (level 5, -4/42 HPs)
             Began as a Formicid Fighter on Apr 3, 2021.
             Was a Believer of Uskayaw.
             Slain by a gnoll
             ... wielding a +0 halberd
              (5 damage)
             ... on level 4 of the Dungeon.
             The game lasted 00:09:31 (2797 turns).

jestyr24 the Shield-Bearer (Formicid Fighter)       Turns: 2797, Time: 00:09:32

Health: -4/42      AC: 11    Str: 22    XL:     5   Next: 3%
Magic:  5/5        EV:  8    Int:  7    God:    Uskayaw [**....]
Gold:   145        SH:  9    Dex: 10    Spells: 4/4 levels left

rFire    . . .     SeeInvis +   a - +0 long sword (drain)
rCold    . . .     Faith    .   c - +0 kite shield
rNeg     . . .     Spirit   .   b - +0 scale mail
rPois    .         Reflect  .   (helmet unavailable)
rElec    .         Harm     .   (no cloak)
rCorr    .         Rampage  .   (no gloves)
Will     .....                  (no boots)
Stlth    ..........             (no amulet)
HPRegen  0.14/turn              r - +4 ring of protection
MPRegen  0.09/turn              (no ring)

@: no status effects
A: permanent stasis, dig shafts and tunnels, antennae 3, four strong arms
a: Dig, Shaft Self, Renounce Religion, Stomp, Line Pass


You were on level 4 of the Dungeon.
You worshipped Uskayaw.
Uskayaw was noncommittal.
You visited 1 branch of the dungeon, and saw 4 of its levels.

You collected 145 gold pieces.

Inventory:

Hand Weapons
 a - a +0 long sword of draining (weapon)
Armour
 b - a +0 scale mail (worn)
 c - a +0 kite shield (worn)
Jewellery
 p - a ring of fire
 r - a +4 ring of protection (left hand)
Wands
 q - a wand of paralysis (8)
Scrolls
 e - a scroll of fog {unknown}
 f - a scroll of brand weapon
 g - a scroll of acquirement {unknown}
 k - a scroll of identify {unknown}
 l - 2 scrolls of teleportation
 n - a scroll of enchant armour {unknown}
 o - a scroll of summoning {unknown}
 s - a scroll of blinking {unknown}
Potions
 d - a potion of might
 h - a potion of berserk rage {unknown}
 i - a potion of haste {unknown}
 j - a potion of invisibility {unknown}
 m - a potion of lignification {unknown}


   Skills:
 + Level 3.6 Fighting
 + Level 3.4 Long Blades
 + Level 4.1 Armour
 + Level 0.3 Dodging
 + Level 4.2 Shields


You had 4 spell levels left.
You didn't know any spells.
Your spell library was empty.

Dungeon Overview and Level Annotations

Branches:
Dungeon (4/15)
 Temple: D:4-7

Altars:
Nemelex Xobeh
Uskayaw


Innate Abilities, Weirdness & Mutations

You cannot be hasted, slowed, berserked, paralysed or teleported.
You can dig through walls and to a lower floor.
You have a pair of large antennae on your head. (SInv)
Your four strong arms can wield two-handed weapons with a shield.


Message History

A gnoll comes into view. It is wielding a +0 flail.
A gnoll comes into view. It is wielding a +0 flail.
The gnoll shouts!
You block the gnoll's attack.
There is an open door here.
You barely miss the gnoll. You block the gnoll's attack.
The gnoll barely misses you. You block the gnoll's attack.
You hit the gnoll.
The gnoll is moderately wounded.
The gnoll hits you but does no damage. x2
The gnoll hits you from afar with a +0 halberd!
You slash the gnoll! You drain the gnoll.
You kill the gnoll!
The gnoll hits you from afar with a +0 halberd!
You can now pass through a line of other dancers.
You have reached level 5!
Your shield and scale mail prevent you from hitting the gnoll.
The gnoll hits you but does no damage. You block the gnoll's attack.
The gnoll hits you from afar with a +0 halberd.
The gnoll barely misses you.
You closely miss the gnoll. The gnoll completely misses you.
You block the gnoll's attack.
You hit the gnoll but do no damage. You drain the gnoll.
The gnoll is moderately wounded.
The gnoll hits you but does no damage. You block the gnoll's attack.
The gnoll closely misses you. x2
You barely miss the gnoll.
The gnoll is moderately wounded.
The gnoll hits you but does no damage. You block the gnoll's attack.
You hit the gnoll but do no damage.
The gnoll is moderately wounded.
The gnoll hits you from afar with a +0 halberd.
The gnoll hits you with a +0 flail.
* * * LOW HITPOINT WARNING * * *
You slash the gnoll!
You kill the gnoll!
The gnoll hits you from afar with a +0 halberd.
* * * LOW HITPOINT WARNING * * *
The gnoll hits you from afar with a +0 halberd.
You die...

### ##<## #...#
#.8.# ..g #)#
##@#######
..##...##...##
.8....8....8.<#
...##...##...##
## ##+#######


You could see a gnoll.

Vanquished Creatures
  2 gnolls (D:4)
  An adder (D:3)
  A white imp (D:2)
  4 orcs (D:3)
  5 ball pythons
  8 bats
  5 endoplasms
  2 giant cockroaches (D:3)
  7 goblins
  4 hobgoblins
  7 jackals
  2 quokkas (D:3)
  5 frilled lizards
  3 kobolds
  8 rats
64 creatures vanquished.

Notes
Turn   | Place    | Note
-------+----------+-------------------------------------------
     0 | D:1      | jestyr24 the Formicid Fighter began the quest for the Orb.
     0 | D:1      | Reached XP level 1. HP: 18/18 MP: 1/1
   124 | D:1      | Reached XP level 2. HP: 22/24 MP: 2/2
   196 | D:1      | Found a faded altar of an unknown god.
   200 | D:1      | Became a worshipper of Uskayaw the Reveller
   200 | D:1      | Reached * piety under Uskayaw
   588 | D:1      | Reached ** piety under Uskayaw
   802 | D:2      | Reached XP level 3. HP: 29/29 MP: 3/3
   839 | D:2      | Found a sparkling altar of Nemelex Xobeh.
  1729 | D:3      | Reached XP level 4. HP: 13/35 MP: 4/4
  2792 | D:4      | Reached XP level 5. HP: 19/42 MP: 5/5
  2797 | D:4      | HP: 1/42 [gnoll/+0 halberd (6)]
  2797 | D:4      | Slain by a gnoll

Illustrated notes

Levels and vault maps discovered:
D:1:      dpeg_arrival_round_c, layout_basic, basic_ecumenical_altar
D:2:      layout_basic, basic_altar
D:3:      layout_basic, grunt_decor_cap
D:4:      layout_loops_ring, minitemple, portal_sewer_entry_f,
          grunt_ministairs_5

Skill      XL: |  1  2  3  4 |
---------------+-------------+-----
Long Blades    | 3 |  3.4
Armour         | 4 |  4.1
Shields        | 4 |  4.2
Fighting       | |  3.6
Dodging        | |  0.3

Action                   |  1- 3 |  4- 6 || total
-------------------------+-------+-------++-------
Melee: Long sword        |    94 |    88 ||   182
  Use: Scroll            |       |     2 ||     2
Armor: Scale mail        |    48 |    49 ||    97
Dodge: Dodged            |    38 |    36 ||    74
Block: Kite shield       |    56 |    55 ||   111
       Rpst.: Long sword |    14 |    16 ||    30

Table legend: (Time is in decaauts)
 A = Elapsed time spent in this place.
 B = Non-inter-level travel time spent in this place.
 C = Inter-level travel time spent in this place.
 D = Time resting spent in this place.
 E = Time spent auto-exploring this place.
 F = Levels seen in this place.
 G = Mean time per level.
                   A        B        C        D        E       F      G
               +--------+--------+--------+--------+--------+-----+--------+
         Total |   2873 |   2826 |     47 |    480 |   1594 |   4 |  718.2 |
       Dungeon |   2873 |   2826 |     47 |    480 |   1594 |   4 |  718.2 |
               +--------+--------+--------+--------+--------+-----+--------+

Top non-repeatable levels by time:
     D:3: 1110 daAuts
     D:2: 927 daAuts
     D:1: 813 daAuts
     D:4: 21 daAuts
